 Dungeon Crawl Stone Soup version 0.30.1-3-gfc49f6343a (webtiles) character file.

Game seed: 2917547464414063512

37 Fodor the Shield-Bearer (level 3, -4/33 HPs)
             Began as a Minotaur Fighter on Aug 2, 2023.
             Slain by a gnoll bouda
             ... wielding a +3 whip
              (11 damage)
             ... on level 2 of the Dungeon.
             The game lasted 00:06:46 (1714 turns).

Fodor the Shield-Bearer (Minotaur Fighter)          Turns: 1714, Time: 00:06:47

Health: -4/33      AC: 11    Str: 22    XL:     3   Next: 21%
Magic:  2/2        EV:  6    Int:  5    God:
Gold:   100        SH:  5    Dex: 15    Spells: 2/2 levels left

rFire   . . .        l - +0 war axe
rCold   . . .        c - +0 buckler
rNeg    . . .        a - +0 plate armour
rPois   .            (helmet restricted)
rElec   .            (no cloak)
rCorr   .            (no gloves)
SInv    .            (no boots)
Will    .....        (no amulet) Stlth
                     j - +6 ring of dexterity
HPRegen 0.25/turn    (no ring)
MPRegen 0.08/turn

%: no passive effects
@: mighty, weakened
A: horns 2, retaliatory headbutt
a: no special abilities


You were on level 2 of the Dungeon.
You visited 1 branch of the dungeon, and saw 2 of its levels.

You collected 100 gold pieces.

Inventory:

Hand Weapons
 l - a +0 war axe (weapon)
Armour
 a - a +0 plate armour (worn)
 c - a +0 buckler (worn)
Jewellery
 j - a +6 ring of dexterity (left hand)
Scrolls
 f - a scroll of teleportation {unknown}
 g - 2 scrolls of summoning {unknown}
 k - a scroll of magic mapping {unknown}
Potions
 e - a potion of berserk rage {unknown}
 h - 2 potions of curing {unknown}
 i - a potion of ambrosia {unknown}


   Skills:
 + Level 3.8 Fighting
 + Level 3.1 Long Blades
 + Level 4.0 Armour
 + Level 0.2 Stealth
 + Level 4.2 Shields


You had 2 spell levels left.
You didn't know any spells.
Your spell library was empty.

Dungeon Overview and Level Annotations

Branches:
Dungeon (2/15)

Altars:


Innate Abilities, Weirdness & Mutations

You have a pair of horns on your head.
You reflexively headbutt those who attack you in melee.


Message History

The gnoll bouda is almost dead.
The gnoll bouda hits you with a +3 whip.
The gnoll bouda prays to its god.
The gnoll bouda is healed somewhat.
You hit the gnoll bouda.
The gnoll bouda is severely wounded.
The gnoll bouda hits you with a +3 whip.
You hit the gnoll bouda but do no damage.
You headbutt the gnoll bouda.
The gnoll bouda is almost dead.
The gnoll bouda hits you with a +3 whip.
The gnoll bouda mumbles some strange prayers to its god.
The gnoll bouda is healed somewhat.
You closely miss the gnoll bouda.
The gnoll bouda is heavily wounded.
Your attacks no longer feel as feeble.
The gnoll bouda barks out a call to the hunt!
You hear an angry hiss.
You hit the gnoll bouda but do no damage.
The gnoll bouda is heavily wounded.
The gnoll bouda hits you with a +3 whip.
An adder comes into view.
The gnoll bouda mumbles some strange prayers to its god.
The gnoll bouda is healed somewhat.
You hit the gnoll bouda but do no damage.
The gnoll bouda is moderately wounded.
The gnoll bouda gazes fiercely through you!
You feel your attacks grow feeble. The gnoll bouda barely misses you.
You hit the gnoll bouda. Your headbutt misses the gnoll bouda.
The gnoll bouda is heavily wounded.
The gnoll bouda hits you with a +3 whip.
* * * LOW HITPOINT WARNING * * *
The quokka twitches its whiskers.
The gnoll bouda hits you with a +3 whip.
* * * LOW HITPOINT WARNING * * *
You feel very mighty all of a sudden.
The gnoll is no longer moving quickly.
The gnoll bouda hits you with a +3 whip!
You die... # .# #. ### #S## ..### #gw. ##.#.####... gr#

#.###......# #g#
...#.# #[# #@#
.##.†#####.# #.#
.###†....#.# #.#
.###)###.#.# #.#
.....#.....# #.#
##.###)#.#.# #.#
##.........# #.#
.....#.#.#.# #.##.##
##...#.....#####.....#


You could see a gnoll bouda, a worm, a gnoll, an adder, a quokka and a goblin.

Vanquished Creatures
  A gnoll (D:2)
  A worm (D:2)
  2 ball pythons (D:1)
  7 endoplasms
  A giant cockroach (D:2)
  3 hobgoblins (D:1)
  2 kobolds (D:1)
  A quokka (D:1)
  2 bats (D:1)
  2 frilled lizards
  A rat (D:1)
23 creatures vanquished.

Notes
Turn   | Place    | Note
-------+----------+-------------------------------------------
     0 | D:1      | Fodor the Minotaur Fighter began the quest for the Orb.
     0 | D:1      | Reached XP level 1. HP: 19/19 MP: 0/0
   510 | D:1      | Reached XP level 2. HP: 26/27 MP: 1/1
  1703 | D:2      | Reached XP level 3. HP: 33/33 MP: 2/2
  1714 | D:2      | Slain by a gnoll bouda

Illustrated notes

Levels and vault maps discovered:
D:1:      minmay_arrival_semitransparent, layout_basic, serial_co_window_serial,
          co_window_corner_a, co_window_corner_a, co_window_corner_a,
          co_window_cross_1, co_window_paths_a, co_window_broadway_a,
          co_window_corner_b, co_window_of_opportunity_b, co_window_4corner_a,
          glass_columns_a
D:2:      layout_loops_ring

Skill      XL: |  1  2 |
---------------+-------+-----
Shields        | 4 |  4.2
Long Blades    | 3 |  3.1
Armour         | 4 |  4.0
Fighting       | |  3.8
Stealth        | |  0.2

Action                     || total
---------------------------++-------
  Melee: Long sword        ||    41
         War axe           ||    12
         Headbutt          ||     5
    Use: Potion            ||     1
 Armour: Scale mail        ||    14
         Plate armour      ||     3
  Dodge: Dodged            ||    14
  Block: Buckler           ||    16
